PIO (24 & UNDER)
SALEM SLEDGEHAMMERS @ CHULA VISTA TACOS
04/23/2023
 
TOP OF THE 1ST
Salem Sledgehammers batting - Pitching for Chula Vista Tacos : RHP Enrique Sánchez
Pitching: RHP Enrique Sánchez
Batting: RHB William Richardson 0-0: Called Strike
0-1: SINGLE (Line Drive, 56D)
Batting: RHB Brandon Pope 0-0: Ball
1-0: Called Strike
1-1: Ball
2-1: Swinging Strike
2-2: Grounds into double play, 1-6-3 (Groundball, 15)
Batting: SHB Lee Townsend 0-0: Called Strike
0-1: Ball
1-1: Ground out U3 (Groundball, 3)
Top of the 1st over - 0 run(s), 1 hit(s), 0 error(s), 0 left on base; Salem 0 - Chula Vista 0
BOTTOM OF THE 1ST
Chula Vista Tacos batting - Pitching for Salem Sledgehammers : RHP Emery Graham
Pitching: RHP Emery Graham
Batting: RHB Kevin Brown 0-0: Called Strike
0-1: Swinging Strike
0-2: Ball
1-2: Foul Ball, location: 2F
1-2: Foul Ball, location: 2F
1-2: SINGLE (Line Drive, 89S)
Batting: SHB Adrián Nieto 0-0: Called Strike
0-1: Grounds out, U3 (Groundball, 3L)
Batting: LHB Mario Olivares 0-0: Called Strike
0-1: Foul Ball, location: 2F
0-2: Ball
1-2: Strikes out swinging
Batting: RHB Scott Green 0-0: Fly out, F4 (Line Drive, 4)
Bottom of the 1st over - 0 run(s), 1 hit(s), 0 error(s), 1 left on base; Salem 0 - Chula Vista 0
TOP OF THE 2ND
Salem Sledgehammers batting - Pitching for Chula Vista Tacos : RHP Enrique Sánchez
Batting: RHB Earnest Finnegan 0-0: Ball
1-0: Ball
2-0: Ground out 6-3 (Groundball, 56)
Batting: SHB Pepe Piña 0-0: Ground out 4-3 (Groundball, 4)
Batting: SHB Júlio Salazar 0-0: Foul Ball, location: 2F
0-1: Foul Ball, location: 2F
0-2: Ball
1-2: Strikes out looking
Top of the 2nd over - 0 run(s), 0 hit(s), 0 error(s), 0 left on base; Salem 0 - Chula Vista 0
BOTTOM OF THE 2ND
Chula Vista Tacos batting - Pitching for Salem Sledgehammers : RHP Emery Graham
Batting: RHB Doug Brown 0-0: Called Strike
0-1: Ball
1-1: Called Strike
1-2: Strikes out swinging
Batting: SHB Brian Price 0-0: Fly out, F8 (Flyball, 8RS)
Batting: LHB José Torres 0-0: SINGLE (Groundball, 34)
Batting: RHB Luis Martínez 0-0: Ball
Wild Pitch!
José Torres to second
1-0: Ball
2-0: Called Strike
2-1: Fly out, F8 (Line Drive, 8LM)
Bottom of the 2nd over - 0 run(s), 1 hit(s), 0 error(s), 1 left on base; Salem 0 - Chula Vista 0
TOP OF THE 3RD
Salem Sledgehammers batting - Pitching for Chula Vista Tacos : RHP Enrique Sánchez
Batting: RHB Norm Francis 0-0: Ball
1-0: Called Strike
1-1: Foul Ball, location: 2F
1-2: Strikes out swinging
Batting: RHB Fernando Pérez 0-0: Swinging Strike
0-1: Fly out, F8 (Line Drive, 8LM)
Batting: RHB Ryan Cates 0-0: Called Strike
0-1: Called Strike
0-2: Foul Ball, location: 2F
0-2: Ball
1-2: Ball
2-2: Ball
3-2: Base on Balls
Batting: RHB William Richardson 0-0: Ball
Ryan Cates is caught stealing 2nd base
Top of the 3rd over - 0 run(s), 0 hit(s), 0 error(s), 0 left on base; Salem 0 - Chula Vista 0
BOTTOM OF THE 3RD
Chula Vista Tacos batting - Pitching for Salem Sledgehammers : RHP Emery Graham
Batting: RHB Manuel Guerrero 0-0: SINGLE (Groundball, 56D) (infield hit)
Batting: RHB Kevin Brown 0-0: Swinging Strike
0-1: Foul Ball, location: 2F
0-2: Ball
1-2: Ball
2-2: Foul Ball, location: 2F
2-2: Strikes out swinging
Batting: SHB Adrián Nieto 0-0: Called Strike
0-1: Foul Ball, location: 2F
0-2: Fly out, F7 (Flyball, 78M)
Batting: LHB Mario Olivares 0-0: Fielders Choice at 2nd, U4 (Groundball, 4M)
Bottom of the 3rd over - 0 run(s), 1 hit(s), 0 error(s), 1 left on base; Salem 0 - Chula Vista 0
TOP OF THE 4TH
Salem Sledgehammers batting - Pitching for Chula Vista Tacos : RHP Enrique Sánchez
Batting: RHB William Richardson 0-0: Foul Ball, location: 2F
0-1: Ball
1-1: Called Strike
1-2: Ground out 6-3 (Groundball, 6M)
Batting: RHB Brandon Pope 0-0: Ball
1-0: Ball
2-0: Ball
3-0: Base on Balls
Batting: SHB Lee Townsend 0-0: Ball
1-0: Ball
2-0: Ball
3-0: Base on Balls
Brandon Pope to second
Batting: RHB Earnest Finnegan 0-0: Ball
1-0: Ball
2-0: Ball
3-0: Foul Ball, location: 2F
3-1: Called Strike
3-2: Strikes out looking
Batting: SHB Pepe Piña 0-0: Ball
1-0: Ground out 3-1 (Groundball, 34)
Top of the 4th over - 0 run(s), 0 hit(s), 0 error(s), 2 left on base; Salem 0 - Chula Vista 0
BOTTOM OF THE 4TH
Chula Vista Tacos batting - Pitching for Salem Sledgehammers : RHP Emery Graham
Batting: RHB Scott Green 0-0: Called Strike
0-1: DOUBLE (Flyball, 89XD)
Batting: RHB Doug Brown 0-0: Foul Ball, location: 2F
0-1: Foul Ball, location: 2F
0-2: Strikes out looking
Batting: SHB Brian Price 0-0: Swinging Strike
0-1: Foul Ball, location: 2F
0-2: Ball
1-2: Foul Ball, location: 2F
1-2: Ball
2-2: Ball
3-2: Base on Balls
Batting: LHB José Torres 0-0: Ball
1-0: Called Strike
1-1: Ball
2-1: Swinging Strike
2-2: Strikes out swinging
Batting: RHB Luis Martínez 0-0: Called Strike
0-1: Swinging Strike
0-2: Strikes out swinging
Bottom of the 4th over - 0 run(s), 1 hit(s), 0 error(s), 2 left on base; Salem 0 - Chula Vista 0
TOP OF THE 5TH
Salem Sledgehammers batting - Pitching for Chula Vista Tacos : RHP Enrique Sánchez
Batting: SHB Júlio Salazar 0-0: Called Strike
0-1: Swinging Strike
0-2: Ball
1-2: Strikes out swinging
Batting: RHB Norm Francis 0-0: Foul Ball, location: 2F
0-1: Swinging Strike
0-2: Ball
1-2: Ball
2-2: Ball
3-2: Strikes out looking
Batting: RHB Fernando Pérez 0-0: Foul Ball, location: 2F
0-1: Foul Ball, location: 2F
0-2: Ball
1-2: Strikes out swinging
Top of the 5th over - 0 run(s), 0 hit(s), 0 error(s), 0 left on base; Salem 0 - Chula Vista 0
BOTTOM OF THE 5TH
Chula Vista Tacos batting - Pitching for Salem Sledgehammers : RHP Emery Graham
Batting: RHB Manuel Guerrero 0-0: Called Strike
0-1: Ball
1-1: Ball
2-1: Ball
3-1: Foul Ball, location: 2F
3-2: Ground out 5-3 (Groundball, 56)
Batting: RHB Kevin Brown 0-0: Called Strike
0-1: Foul Ball, location: 2F
0-2: Strikes out swinging
Batting: SHB Adrián Nieto 0-0: Ball
1-0: Foul Ball, location: 2F
1-1: Called Strike
1-2: Ball
2-2: Ground out 1-3 (Groundball, 15)
Bottom of the 5th over - 0 run(s), 0 hit(s), 0 error(s), 0 left on base; Salem 0 - Chula Vista 0
TOP OF THE 6TH
Salem Sledgehammers batting - Pitching for Chula Vista Tacos : RHP Enrique Sánchez
Batting: RHB Ryan Cates 0-0: Called Strike
0-1: Swinging Strike
0-2: Ball
1-2: Foul Ball, location: 2F
1-2: Strikes out swinging
Batting: RHB William Richardson 0-0: Ground out 4-3 (Groundball, 4)
Batting: RHB Brandon Pope 0-0: Called Strike
0-1: Ground out 6-3 (Groundball, 6)
Top of the 6th over - 0 run(s), 0 hit(s), 0 error(s), 0 left on base; Salem 0 - Chula Vista 0
BOTTOM OF THE 6TH
Chula Vista Tacos batting - Pitching for Salem Sledgehammers : RHP Emery Graham
Batting: LHB Mario Olivares 0-0: Ball
1-0: Ball
2-0: Foul Ball, location: 2F
2-1: Ground out 4-3 (Groundball, 4)
Pitching: LHP Nick Johnson
Batting: RHB Scott Green 0-0: Called Strike
0-1: Ball
1-1: Reached on error, E5 (Groundball, 5L)
Batting: RHB Doug Brown 0-0: Intentional Walk
Batting: SHB Brian Price 0-0: Foul Ball, location: 2F
0-1: Ball
1-1: Ball
2-1: Ball
3-1: Grounds into double play, 4-6-3 (Groundball, 4)
Bottom of the 6th over - 0 run(s), 0 hit(s), 1 error(s), 1 left on base; Salem 0 - Chula Vista 0
TOP OF THE 7TH
Salem Sledgehammers batting - Pitching for Chula Vista Tacos : RHP Enrique Sánchez
Batting: SHB Lee Townsend 0-0: Swinging Strike
0-1: Foul Ball, location: 2F
0-2: Ball
1-2: Ball
2-2: Ball
3-2: Base on Balls
Batting: RHB Earnest Finnegan 0-0: Ball
1-0: Ball
2-0: Swinging Strike
2-1: Swinging Strike
2-2: Ball
3-2: Foul Ball, location: 2F
3-2: SINGLE (Line Drive, 4D)
Lee Townsend to second
Pitching: LHP Raymond Ritchie
Batting: SHB Pepe Piña 0-0: Swinging Strike
0-1: Called Strike
0-2: Ball
1-2: Strikes out swinging
Pinch Hitting: RHB B.J. Allen 0-0: Called Strike
0-1: Called Strike
0-2: Ball
1-2: Strikes out swinging
Pinch Hitting: RHB Benjamin Lawson 0-0: Ball
1-0: Ball
2-0: Foul Ball, location: 2F
2-1: DOUBLE (Line Drive, 9LS)
Lee Townsend scores
Earnest Finnegan to third
Runner from 3rd tries for Home, SAFE, no throw or cutoff
Batting: RHB Fernando Pérez 0-0: Ball
1-0: Ball
2-0: Called Strike
2-1: Foul Ball, location: 2F
2-2: Strikes out swinging
Top of the 7th over - 2 run(s), 2 hit(s), 0 error(s), 1 left on base; Salem 2 - Chula Vista 0
BOTTOM OF THE 7TH
Chula Vista Tacos batting - Pitching for Salem Sledgehammers : LHP Nick Johnson
Now at 2B: Brent Alonzo
Now in CF: Benjamin Lawson
Batting: LHB José Torres 0-0: Swinging Strike
0-1: Swinging Strike
0-2: Strikes out looking
Batting: RHB Luis Martínez 0-0: Called Strike
0-1: Ball
1-1: Ball
2-1: Ball
3-1: Base on Balls
Pinch Runner at 1st Jorge Collazo:
Batting: RHB Manuel Guerrero 0-0: Fly out, F9 (Flyball, 9M)
Batting: RHB Kevin Brown 0-0: Ball
1-0: Called Strike
Jorge Collazo steals 2nd base
1-1: Swinging Strike
1-2: Foul Ball, location: 2F
1-2: Strikes out swinging
Bottom of the 7th over - 0 run(s), 0 hit(s), 0 error(s), 1 left on base; Salem 2 - Chula Vista 0
TOP OF THE 8TH
Salem Sledgehammers batting - Pitching for Chula Vista Tacos : LHP Raymond Ritchie
Now at 1B: John Nelson
Batting: RHB Ryan Cates 0-0: Ball
1-0: Ball
2-0: Ground out 6-3 (Groundball, 6)
Batting: RHB William Richardson 0-0: Called Strike
0-1: Ball
1-1: Swinging Strike
1-2: Strikes out swinging
Batting: RHB Brandon Pope 0-0: Ball
1-0: SINGLE (Line Drive, 34)
Batting: SHB Lee Townsend Pickoff Throw to First - Error! E1
Brandon Pope to second
0-0: Called Strike
0-1: Foul Ball, location: 2F
0-2: Foul Ball, location: 2F
0-2: Foul Ball, location: 2F
0-2: SINGLE (Groundball, 56D)
Brandon Pope to third
Runner from 3rd tries for Home, SAFE, throw made home
Lee Townsend to second
Batting: RHB Earnest Finnegan 0-0: Called Strike
0-1: Called Strike
0-2: Ball
1-2: Ground out 5-3 (Groundball, 56)
Top of the 8th over - 1 run(s), 2 hit(s), 1 error(s), 1 left on base; Salem 3 - Chula Vista 0
BOTTOM OF THE 8TH
Chula Vista Tacos batting - Pitching for Salem Sledgehammers : LHP Nick Johnson
Now at 1B: Dale Reeves
Batting: SHB Adrián Nieto 0-0: Ball
1-0: Ball
2-0: Ball
3-0: Called Strike
3-1: Foul Ball, location: 2F
3-2: Strikes out looking
Batting: LHB Mario Olivares 0-0: Ball
1-0: Called Strike
1-1: Foul Ball, location: 2F
1-2: Foul Ball, location: 2F
1-2: Ground out 6-3 (Groundball, 6)
Pitching: RHP Omar Camacho
Batting: RHB Scott Green 0-0: Ball
1-0: Ball
2-0: Foul Ball, location: 2F
2-1: Ball
3-1: Base on Balls
Batting: RHB Doug Brown 0-0: Foul Ball, location: 2F
0-1: Foul Ball, location: 2F
0-2: Ball
1-2: SINGLE (Groundball, 6MD)
Scott Green to second
Runner from 2nd tries for 3rd, SAFE, no throw or cutoff
Pitching: RHP Carlos Morán
Batting: SHB Brian Price 0-0: Called Strike
0-1: Swinging Strike
0-2: Strikes out swinging
Bottom of the 8th over - 0 run(s), 1 hit(s), 0 error(s), 2 left on base; Salem 3 - Chula Vista 0
TOP OF THE 9TH
Salem Sledgehammers batting - Pitching for Chula Vista Tacos : LHP Raymond Ritchie
Batting: SHB Pepe Piña 0-0: Ball
1-0: Foul Ball, location: 2F
1-1: Ball
2-1: Fly out, F8 (Flyball, 8RD)
Batting: LHB Brent Alonzo 0-0: Ball
1-0: Ball
2-0: Called Strike
2-1: Ball
3-1: SINGLE (Groundball, 5D)
Pitching: RHP Doug Singleton
Batting: RHB Benjamin Lawson 0-0: Ball
1-0: Called Strike
1-1: Ball
2-1: Ball
3-1: Foul Ball, location: 2F
3-2: Strikes out swinging
Batting: RHB Fernando Pérez 0-0: Ball
Brent Alonzo is caught stealing 2nd base
Top of the 9th over - 0 run(s), 1 hit(s), 0 error(s), 0 left on base; Salem 3 - Chula Vista 0
BOTTOM OF THE 9TH
Chula Vista Tacos batting - Pitching for Salem Sledgehammers : RHP Carlos Morán
Pitching: RHP Rick Haynes
Batting: LHB José Torres 0-0: Ball
1-0: Ball
2-0: Ball
3-0: Called Strike
3-1: Called Strike
3-2: DOUBLE (Line Drive, 89XD)
Batting: RHB John Nelson 0-0: Called Strike
0-1: Ground out 3-1 (Groundball, 34)
José Torres to third
Batting: RHB Manuel Guerrero 0-0: Called Strike
0-1: Ball
1-1: Foul Ball, location: 2F
1-2: Strikes out looking
Batting: RHB Kevin Brown 0-0: SINGLE (Groundball, 6MD) (infield hit)
José Torres scores
Pinch Hitting: LHB Noriaki Sangi 0-0: Called Strike
0-1: Ball
1-1: DOUBLE (Line Drive, 7LS)
Kevin Brown to third
Runner from 3rd tries for Home, SAFE, no throw or cutoff
Batting: LHB Mario Olivares 0-0: Ball
1-0: Ball
2-0: Ball
3-0: Base on Balls
Pinch Runner at 2nd Joel James:
Batting: RHB Scott Green 0-0: Ball
1-0: Ball
2-0: Fielders Choice at 2nd, 6-4 (Groundball, 6)
Bottom of the 9th over - 2 run(s), 3 hit(s), 0 error(s), 1 left on base; Salem 3 - Chula Vista 2
This league is powered by Out of the Park Baseball, the baseball management simulation game for PC, Mac and Linux
Wednesday, December 2nd, 2015 - OOTP Baseball 16.8 Build 38